 Dungeon Crawl Stone Soup version 0.20.0 (webtiles) character file.

284 Eucla the Ducker (level 6, -2/32 HPs)
             Began as a Spriggan Gladiator on May 31, 2017.
             Splashed by Ijyb's acid (14 damage)
             ... on level 5 of the Dungeon.
             The game lasted 00:04:38 (4645 turns).

Eucla the Ducker (Spriggan Gladiator)               Turns: 4645, Time: 00:04:39

Health: -2/32      AC: -1    Str: 12    XL:     6   Next: 7%
Magic:  7/7        EV: 22    Int: 10    God:
Gold:   255        SH:  0    Dex: 17    Spells: 5/5 levels left

rFire    . . .     SeeInvis +   a - +1 long sword
rCold    . . .     Gourm    .   (shield restricted)
rNeg     . . .     Faith    .   y - +0 robe
rPois    +         Spirit   .   c - +1 hat
rElec    .         Reflect  .   (no cloak)
rCorr    .         Harm     .   (gloves unavailable)
MR       +....                  (boots unavailable)
Stlth    ++........             (no amulet)
Regen    0.1/turn               o - ring of poison resistance
MPRegen  0.1/turn               (no ring)

@: corroded, very quick
A: unfitting armour, see invisible, herbivore 3, speed 3, slow metabolism 2
a: no special abilities


You were on level 5 of the Dungeon.
You were not hungry.

You visited 1 branch of the dungeon, and saw 5 of its levels.

You collected 255 gold pieces.

Inventory:

Hand Weapons
 a - a +1 long sword (weapon)
 i - a +0 hunting sling
Missiles
 d - 3 throwing nets (quivered)
 l - 20 sling bullets
 n - 164 stones
Armour
 b - a +0 robe
 c - a +1 hat (worn)
 y - a +0 robe (worn)
Jewellery
 o - a ring of poison resistance (left hand)
Wands
 A - a wand of disintegration (17/24)
Scrolls
 h - a scroll of fog {unknown}
 m - 2 scrolls of teleportation
 s - a scroll of blinking
 u - 4 scrolls of remove curse
Potions
 g - a potion of flight {unknown}
 j - 2 potions of curing
 k - a potion of ambrosia
 p - a potion of heal wounds
 r - 5 potions of haste
 t - a potion of agility
 v - a potion of cancellation
 z - a potion of mutation
Comestibles
 f - 4 bread rations
 q - a royal jelly


   Skills:
 + Level 3.0 Fighting
 * Level 4.2 Long Blades
 - Level 2.0 Throwing
 + Level 6.2 Dodging


You had 5 spell levels left.
You didn't know any spells.

Dungeon Overview and Level Annotations

Branches:
Dungeon (5/15)
 Temple: D:4-7

Altars:
Ru

Annotations:
D:5 Ijyb


Innate Abilities, Weirdness & Mutations

You are very small and have problems with some larger weapons.
You are too small for most types of armour.
You have supernaturally acute eyesight. (SInv)
You are a herbivore.
You cover ground extremely quickly.
You need consume almost no food.


Message History

j - 2 potions of curing Unknown command.
Put on which piece of jewellery? (? for menu, Esc to quit)
o - a ring of poison resistance (left hand) Unknown command.
You climb downwards.
Level annotation: Ijyb
Found 8 gold pieces.
Found a stone staircase leading down.
There is a stone staircase leading up here.
No target in view!
Found a meat ration.
You now have 243 gold pieces (gained 8).
Found a ring mail.
You now have 255 gold pieces (gained 12).
You open the door. Ijyb is too close now for your liking.
Ijyb zaps a wand.
The bolt of acid hits you!
Ouch! That really hurt!
The acid corrodes you!
You are splashed with acid!
The acid burns!
You die...

#######.......#.#####.##.#
........####..........##..
.#####..# #.##.###########
.###....# #...g#..
..).....# #.##.#.#
.###.#..####.##.#.##
..................>#
####.....###......###
####.<######.@...##..
#.#.##...'........≈
#.#..#.###.....###≈
#..............#
#.##.......######. #.
##............. +.
##.......##.... #.
....###..# .. ##..###..#


You could see Ijyb.

Vanquished Creatures
  A scorpion (D:4)
  A jelly (D:4)
  2 iguanas (D:4)
  6 adders
  2 oozes
  A worm (D:3)
  An adder skeleton (D:4)
  5 dart slugs
  2 leopard geckos
  10 orcs
  A ball python (D:3)
  4 giant cockroaches
  6 goblins
  7 hobgoblins
  A jackal (D:1)
  2 quokkas (D:4)
  A ball python skeleton (D:4)
  7 bats
  6 frilled lizards
  3 kobolds
  4 rats
73 creatures vanquished.

Vanquished Creatures (others)
  A quokka zombie (D:5)
1 creature vanquished.

Grand Total: 74 creatures vanquished

Notes
Turn   | Place    | Note
-------+----------+-------------------------------------------
     0 | D:1      | Eucla the Spriggan Gladiator began the quest for the Orb.
     0 | D:1      | Reached XP level 1. HP: 10/10 MP: 2/2
   263 | D:1      | Reached XP level 2. HP: 15/15 MP: 3/3
  1042 | D:2      | Reached XP level 3. HP: 15/18 MP: 4/4
  1113 | D:2      | Reached skill level 5 in Dodging
  1501 | D:2      | Found a sacrificial altar of Ru.
  1641 | D:2      | Reached XP level 4. HP: 23/23 MP: 5/5
  2808 | D:4      | Reached XP level 5. HP: 18/27 MP: 6/6
  3710 | D:4      | Reached skill level 6 in Dodging
  4142 | D:4      | Reached XP level 6. HP: 22/32 MP: 7/7
  4274 | D:5      | Entered Level 5 of the Dungeon
  4300 | D:5      | Noticed Ijyb
  4645 | D:5      | Splashed by Ijyb's acid

Skill      XL: |  1  2  3  4  5 |
---------------+----------------+-----
Fighting       | 2 3 |  3.0
Long Blades    | 3 4 |  4.2
Dodging        | 5 6 |  6.2
Throwing       | |  2.0

Action                   |  1- 3 |  4- 6 || total
-------------------------+-------+-------++-------
Melee: Long sword        |    82 |   141 ||   223
  Use: Scroll            |       |    15 ||    15
 Stab: Sleeping          |     5 |     3 ||     8
       Distracted        |       |     1 ||     1
  Eat: Royal jelly       |       |     1 ||     1
       Fruit             |       |     1 ||     1
Armor: Robe              |     8 |    14 ||    22
Dodge: Dodged            |    75 |   165 ||   240
       Rpst.: Long sword |    23 |    43 ||    66
